 Dungeon Crawl Stone Soup version 0.29-a0-187-ga23d9638d5 (webtiles) character file.

Game seed: 9027813292631892497

294 cyrus the Chopper (level 6, -1/53 HPs)
             Began as a Hill Orc Fighter on Feb 21, 2022.
             Slain by Grinder (9 damage)
             ... on level 3 of the Dungeon on Feb 22, 2022.
             The game lasted 00:06:50 (3369 turns).

cyrus the Chopper (Hill Orc Fighter)                Turns: 3369, Time: 00:06:51

Health: -1/53      AC:  9    Str: 19    XL:     6   Next: 33%
Magic:  6/6        EV:  7    Int: 10    God:
Gold:   129        SH:  4    Dex: 10    Spells: 5/5 levels left

rFire   . . .      SeeInvis .   a - +0 war axe
rCold   . . .      Faith    .   c - +0 buckler
rNeg    . . .      Spirit   .   i - +0 chain mail
rPois   .          Reflect  .   (no helmet)
rElec   .          Harm     .   (no cloak)
rCorr   .          Rampage  .   (no gloves)
Will    .....                   (no boots)
Stlth   ..........              (no amulet)
HPRegen 0.17/turn               (no ring)
MPRegen 0.10/turn               (no ring)

@: no status effects
A: no striking features
a: no special abilities


You were on level 3 of the Dungeon.
You visited 1 branch of the dungeon, and saw 3 of its levels.

You collected 129 gold pieces.

Inventory:

Hand Weapons
 a - a +0 war axe (weapon)
Armour
 b - a +0 scale mail
 c - a +0 buckler (worn)
 i - a +0 chain mail (worn)
Scrolls
 f - 3 scrolls of teleportation {unknown}
 j - a scroll of fear {unknown}
 l - a scroll of enchant armour {unknown}
 m - a scroll of identify {unknown}
 n - a scroll of torment {unknown}
 o - a scroll of vulnerability {unknown}
 p - a scroll of amnesia {unknown}
Potions
 e - a potion of curing {unknown}
 g - a potion of berserk rage {unknown}
 h - a potion of haste {unknown}
 k - a potion of lignification {unknown}


   Skills:
 + Level 4.7 Fighting
 + Level 5.7 Axes
 + Level 4.8 Armour
 + Level 0.7 Dodging
 + Level 0.2 Stealth
 + Level 3.9 Shields


You had 5 spell levels left.
You didn't know any spells.
Your spell library contained the following spells:

 Spells                   Type           Power      Damage    Failure   Level
 Ensorcelled Hibernation  Hex/Ice        0%         N/A       100%        2
 Portal Projectile        Hex/Tloc       0%         N/A       100%        3
 Spider Form              Tmut/Pois      0%         N/A       100%        3
 Anguish                  Hex/Necr       0%         N/A       100%        4
 Blade Hands              Tmut           0%         N/A       100%        5
 Excruciating Wounds      Necr           0%         N/A       100%        5


Dungeon Overview and Level Annotations

Branches:
Dungeon (3/15)

Altars:
Cheibriados
Kikubaaqudgha
Qazlal
Ru
Sif Muna
Wu Jian
Xom

Annotations:
D:3 Grinder


Message History

You slash the giant cockroach!
You kill the giant cockroach!
Things that are here:
a +0 scythe; a +0 robe; a giant cockroach corpse You start resting.
You feel a little less mighty now.
You start resting.
HP restored.
You start waiting.
Done waiting.
Things that are here:
a +2 vampiric short sword; 5 poisoned darts Grinder comes into view.
Grinder shouts!
Grinder is nearby!
Grinder hits you.
You writhe in agony.
You hit Grinder.
Grinder is lightly wounded.
Grinder hits you!
You writhe in agony.
Grinder hits you!
You writhe in agony.
You slash Grinder!
Grinder is moderately wounded.
Grinder gestures at you.
You suddenly lose the ability to move!
Grinder hits you but does no damage. Grinder hits you!
* * * LOW HITPOINT WARNING * * *
You writhe in agony.
* * * LOW HITPOINT WARNING * * *
You can move again.
You closely miss Grinder.
Grinder is moderately wounded.
Grinder hits you but does no damage.
You hit Grinder.
Grinder is heavily wounded.
You block Grinder's attack. Grinder barely misses you.
Unknown command.
You closely miss Grinder.
Grinder is heavily wounded.
Grinder hits you!
You die...

#.# #.## #.##.# #.#
#.##.# #.#
############.##.# #.#
##............##.# ##.#
#....###########.#
#..## ......## #.#
#.... #...#).##### #5#
#..## #..#.......# #@#
#..# ...#...###.#####.#
#.)# ###...#..).......#
### #..#
##..#.##.#####........#
#..# #..#.##.#
#.######.# #..#
#..#.##.# #.# #.# #..##
####..#.##.# #.# #.#
#..## ....<.#.##.# #.#
#.# #.... ####.##.##.#
#.# #.######.##


You could see Grinder.

Vanquished Creatures
  Sigmund (D:3)
  A hound (D:3)
  4 adders
  3 worms (D:2)
  A dart slug (D:3)
  An orc (D:3)
  10 endoplasms
  4 giant cockroaches
  8 goblins
  4 hobgoblins
  3 jackals (D:1)
  6 kobolds
  2 quokkas (D:1)
  3 ball pythons
  5 bats
  A frilled lizard (D:3)
  4 rats
61 creatures vanquished.

Notes
Turn   | Place    | Note
-------+----------+-------------------------------------------
     0 | D:1      | cyrus the Hill Orc Fighter began the quest for the Orb.
     0 | D:1      | Reached XP level 1. HP: 19/19 MP: 1/1
   259 | D:1      | Reached XP level 2. HP: 26/27 MP: 2/2
   267 | D:1      | Found a faded altar of an unknown god.
   301 | D:1      | Reached skill level 3 in Axes
   571 | D:1      | Reached XP level 3. HP: 33/33 MP: 3/3
  1706 | D:2      | Reached skill level 4 in Axes
  1706 | D:2      | Reached XP level 4. HP: 41/41 MP: 4/4
  2321 | D:3      | Reached XP level 5. HP: 43/47 MP: 5/5
  2984 | D:3      | Found an ancient bone altar of Kikubaaqudgha.
  2991 | D:3      | Found a stormy altar of Qazlal.
  2996 | D:3      | Found a shimmering blue altar of Sif Muna.
  3007 | D:3      | Found a shimmering altar of Xom.
  3014 | D:3      | Found a sacrificial altar of Ru.
  3019 | D:3      | Found a snail-covered altar of Cheibriados.
  3026 | D:3      | Found an ornate altar of the Wu Jian Council.
  3134 | D:3      | Noticed Sigmund
  3149 | D:3      | Killed Sigmund
  3150 | D:3      | Reached skill level 5 in Axes
  3150 | D:3      | Reached XP level 6. HP: 42/53 MP: 6/6
  3359 | D:3      | Noticed Grinder
  3364 | D:3      | Paralysed by Grinder for 3 turns
  3369 | D:3      | Slain by Grinder

Illustrated notes

Levels and vault maps discovered:
D:1:      lightli_arrival_maybe_door_vault, layout_basic, basic_ecumenical_altar
D:2:      layout_loops_ring, fountainhead, roderic_roman_lattice
D:3:      layout_loops_ring, grunt_temple_overflow_octagram, uniq_grinder,
          uniq_sigmund

Skill      XL: |  1  2  3  4  5 |
---------------+----------------+-----
Axes           | 3 4 5 |  5.7
Fighting       | 4 |  4.7
Armour         | 4 |  4.8
Dodging        | |  0.7
Stealth        | |  0.2
Shields        | |  3.9

Action                   |  1- 3 |  4- 6 || total
-------------------------+-------+-------++-------
Melee: War axe           |    85 |    95 ||   180
  Use: Potion            |       |     1 ||     1
Armor: Scale mail        |    36 |       ||    36
       Chain mail        |    36 |    69 ||   105
Dodge: Dodged            |    44 |    50 ||    94
Block: Buckler           |    19 |    26 ||    45

Table legend: (Time is in decaauts)
 A = Elapsed time spent in this place.
 B = Non-inter-level travel time spent in this place.
 C = Inter-level travel time spent in this place.
 D = Time resting spent in this place.
 E = Time spent auto-exploring this place.
 F = Levels seen in this place.
 G = Mean time per level.
                   A        B        C        D        E       F      G
               +--------+--------+--------+--------+--------+-----+--------+
         Total |   3435 |   3357 |     78 |    337 |   2291 |   3 | 1145.0 |
       Dungeon |   3435 |   3357 |     78 |    337 |   2291 |   3 | 1145.0 |
               +--------+--------+--------+--------+--------+-----+--------+

Top non-repeatable levels by time:
     D:3: 1231 daAuts
     D:1: 1103 daAuts
     D:2: 1099 daAuts
